 Dungeon Crawl Stone Soup version 0.26-a0-639-g72c4674329 (webtiles) character file.

Game seed: 4668797618281625399

1184 Borgoz the Skirmisher (level 8, -4/51 HPs)
             Began as a Gargoyle Berserker on Sept 20, 2020.
             Was an Elder of Trog.
             Killed from afar by Dowan (9 damage)
             ... with a stone arrow
             ... on level 5 of the Dungeon.
             The game lasted 00:06:11 (5184 turns).

Borgoz the Skirmisher (Gargoyle Berserker)          Turns: 5184, Time: 00:06:11

Health: -4/51      AC: 13    Str: 19 (21) XL:     8   Next: 42%
Magic:  8/8        EV: 11    Int:  7 (8)  God:    Trog [****..]
Gold:   242        SH:  0    Dex:  9 (11) Spells: 7/7 levels left

rFire    . . .     SeeInvis .   a - +0 morningstar
rCold    . . .     Faith    .   (no shield)
rNeg     + + .     Spirit   .   n - +0 scale mail
rPois    ∞         Reflect  .   (no helmet)
rElec    +         Harm     .   (no cloak)
rCorr    .         Rampage  .   (no gloves)
MR       ++...                  (no boots)
Stlth    ..........             (no amulet)
HPRegen  1.17/turn              g - ring of positive energy
MPRegen  0.11/turn              (no ring)

@: berserk cooldown, flying, regenerating, slowed, very slow
A: negative energy resistance 1, electricity resistance, unbreathing,
petrification resistance, rot immunity, AC +5
a: Berserk, Trog's Hand, Brothers in Arms, Renounce Religion


You were on level 5 of the Dungeon.
You worshipped Trog.
Trog was greatly pleased with you.
You visited 1 branch of the dungeon, and saw 5 of its levels.

You collected 242 gold pieces.

Inventory:

Hand Weapons
 a - a +0 morningstar (weapon)
 b - a +0 flail of holy wrath
Armour
 n - a +0 scale mail (worn)
Jewellery
 g - a ring of positive energy (left hand)
 j - an uncursed ring of fire
Wands
 p - a wand of polymorph (4)
Scrolls
 c - a scroll of amnesia {unknown}
 d - a scroll of enchant armour {unknown}
 e - a scroll of noise {unknown}
 f - 5 scrolls of teleportation
 k - 2 scrolls of immolation {unknown}
 l - 3 scrolls of identify
 o - 3 scrolls of remove curse
 q - a scroll of fear {unknown}
 t - a scroll of blinking {unknown}
Potions
 i - a potion of mutation {unknown}
 m - a potion of flight
 u - a potion of brilliance {unknown}


   Skills:
 + Level 6.3 Fighting
 + Level 5.7 Maces & Flails
 + Level 5.7 Armour
 + Level 4.3 Dodging


You had 7 spell levels left.
You didn't know any spells.
Your spell library was empty.

Dungeon Overview and Level Annotations

Branches:
Dungeon (5/15)
 Temple: D:4-7

Altars:
Ashenzari
Dithmenos
Ru
Wu Jian

Annotations:
D:5 Dowan


Innate Abilities, Weirdness & Mutations

You are resistant to torment.
Your stone body is resilient. (AC +5)
You are immune to poison.
You resist negative energy. (rN+)
You are resistant to electric shocks. (rElec)
You can survive without breathing.
You are immune to petrification.
You are immune to rotting.


Message History

You are too injured to fight recklessly!
Your skin crawls.
You feel resistant to hostile enchantments.
Dowan points at you and mumbles some strange words.
The shard of ice hits you!
* * * LOW HITPOINT WARNING * * *
The orc hits you but does no damage. Dowan barely misses you.
It was a potion of flight.
You feel very buoyant.
You fly up into the air.
Dowan closely misses you. The orc closely misses you.
Dowan hits you but does no damage. The orc misses you.
It was a potion of degeneration.
There was something very wrong with that liquid.
You feel weakened.
You feel dopey.
You feel clumsy.
Dowan mumbles some strange words.
Dowan blinks!
Dowan breathes, "And she was my only..."
Dowan gestures at you while chanting. The stone arrow hits you!
You die...

### # # # # ##
# ##.. # #....
#
#.....#########
#
#....o§@e.....#
####
##...########.#
.... ... #.#
#### # #.# #
#.# # ## #.# #
#>.# #.# # #..#
##.# # #..#
#..#


You could see Dowan (fast) and an orc.

Vanquished Creatures
  Eustachio (D:5)
  Duvessa (D:5)
  A sky beast (D:4)
  2 ogres (D:4)
  A scorpion (D:5)
  A howler monkey (D:4)
  A hound (D:5)
  An orc wizard (D:4)
  2 orc priests (D:5)
  An iguana (D:5)
  2 centaur skeletons
  Terence (D:2)
  Natasha (thrice) (D:2)
  3 worker ants
  A hound skeleton (D:4)
  6 adders
  3 gnolls (D:4)
  2 white imps (D:5)
  2 oozes
  An adder skeleton (D:5)
  2 worms (D:4)
  2 leopard geckos
  13 orcs
  A ball python (D:3)
  5 giant cockroaches
  7 goblins
  9 hobgoblins
  3 jackals (D:2)
  12 kobolds
  3 quokkas
  7 bats
  6 frilled lizards
  3 rats
109 creatures vanquished.

Vanquished Creatures (others)
  A plant (D:1)
1 creature vanquished.

Grand Total: 110 creatures vanquished

Notes
Turn   | Place    | Note
-------+----------+-------------------------------------------
     0 | D:1      | Borgoz the Gargoyle Berserker began the quest for the Orb.
     0 | D:1      | Reached XP level 1. HP: 14/14 MP: 1/1
   150 | D:1      | Reached XP level 2. HP: 12/19 MP: 2/2
  1029 | D:1      | Reached XP level 3. HP: 23/23 MP: 3/3
  1144 | D:2      | Noticed Natasha
  1162 | D:2      | Killed Natasha
  1223 | D:2      | Reached ** piety under Trog
  1270 | D:2      | Reached XP level 4. HP: 17/29 MP: 4/4
  1547 | D:2      | Noticed Natasha
  1560 | D:2      | Killed Natasha
  1560 | D:2      | Reached skill level 4 in Fighting
  1729 | D:2      | Found a sacrificial altar of Ru.
  1967 | D:2      | Noticed Terence
  1977 | D:2      | Killed Terence
  1977 | D:2      | Reached XP level 5. HP: 33/33 MP: 5/5
  2168 | D:2      | Noticed Natasha
  2182 | D:2      | Killed Natasha
  2646 | D:3      | Found a shattered altar of Ashenzari.
  3091 | D:4      | Reached *** piety under Trog
  3097 | D:4      | Reached XP level 6. HP: 30/39 MP: 6/6
  3271 | D:4      | Found a shadowy altar of Dithmenos.
  3309 | D:4      | Found an ornate altar of the Wu Jian Council.
  3663 | D:4      | Reached skill level 5 in Fighting
  3663 | D:4      | Reached XP level 7. HP: 15/44 MP: 7/7
  4406 | D:4      | Reached skill level 5 in Maces & Flails
  4608 | D:5      | Entered Level 5 of the Dungeon
  4654 | D:5      | Reached skill level 5 in Armour
  4841 | D:5      | Noticed Eustachio
  4867 | D:5      | Reached XP level 8. HP: 43/51 MP: 8/8
  4897 | D:5      | Killed Eustachio
  4897 | D:5      | Reached **** piety under Trog
  4897 | D:5      | Reached skill level 6 in Fighting
  5155 | D:5      | Noticed Dowan
  5159 | D:5      | Noticed Duvessa
  5181 | D:5      | Killed Duvessa
  5182 | D:5      | HP: 1/51 [Dowan/shard of ice (10)]
  5184 | D:5      | Killed from afar by Dowan

Illustrated notes

Levels and vault maps discovered:
D:1:      roderic_crop_circles_arrival_small, layout_loops_ring
D:2:      layout_loops_cross, lemuel_doored_altar, kennysheep_generic_room_15,
          uniq_natasha, uniq_terence
D:3:      layout_loops_ring, old_standard_altar
D:4:      minmay_chambers_of_fours, layout_basic, lemuel_crystal_altar,
          nicolae_dithmenos_shadow_blocks
D:5:      layout_loops_ring, basic_altar, minmay_misc_feat_enclosed,
          uniq_duvessa, uniq_eustachio

Skill      XL: |  1  2  3  4  5  6  7  8 |
---------------+-------------------------+-----
Dodging        | 2 3 4 |  4.3
Armour         | 3 4 5 |  5.7
Fighting       | 4 5 6 |  6.3
Maces & Flails | 4 5 |  5.7

Action                   |  1- 3 |  4- 6 |  7- 9 || total
-------------------------+-------+-------+-------++-------
Melee: Mace              |    84 |    56 |       ||   140
       Flail             |       |   173 |    70 ||   243
       Morningstar       |       |       |    83 ||    83
Throw: Throwing net      |       |     1 |       ||     1
Invok: Berserk           |     2 |     2 |     3 ||     7
       Trog's Hand       |       |       |     1 ||     1
  Use: Scroll            |       |       |     3 ||     3
       Potion            |       |       |     2 ||     2
 Stab: Sleeping          |     1 |       |       ||     1
       Distracted        |       |     1 |       ||     1
Armor: Animal skin       |    22 |    21 |       ||    43
       Scale mail        |       |   113 |   149 ||   262
Dodge: Dodged            |    65 |   146 |   127 ||   338

Table legend: (Time is in decaauts)
 A = Elapsed time spent in this place.
 B = Non-inter-level travel time spent in this place.
 C = Inter-level travel time spent in this place.
 D = Time resting spent in this place.
 E = Time spent auto-exploring this place.
 F = Levels seen in this place.
 G = Mean time per level.
                   A        B        C        D        E       F      G
               +--------+--------+--------+--------+--------+-----+--------+
         Total |   5315 |   5226 |     89 |    972 |   3324 |   5 | 1063.0 |
       Dungeon |   5315 |   5226 |     89 |    972 |   3324 |   5 | 1063.0 |
               +--------+--------+--------+--------+--------+-----+--------+

Top non-repeatable levels by time:
     D:4: 1578 daAuts
     D:2: 1302 daAuts
     D:1: 1159 daAuts
     D:3: 680 daAuts
     D:5: 594 daAuts
